 Dungeon Crawl Stone Soup version 0.27.1-1-g398f81649c (webtiles) character file.

Game seed: 6281179272766411302

2 Rickety the Sneak (level 1, 0/9 HPs)
             Began as a Spriggan Enchanter on Sept 15, 2021.
             Slain by a quokka (2 damage)
             ... on level 1 of the Dungeon.
             The game lasted 00:01:03 (467 turns).

Rickety the Sneak (Spriggan Enchanter)               Turns: 467, Time: 00:01:04

Health: 0/9        AC:  2    Str:  4    XL:     1   Next: 25%
Magic:  3/5        EV: 17    Int: 16    God:
Gold:   16         SH:  0    Dex: 15    Spells: 4/5 levels left

rFire    . . .     SeeInvis +   a - +1 dagger
rCold    . . .     Faith    .   (shield restricted)
rNeg     . . .     Spirit   .   b - +0 robe
rPois    .         Reflect  .   (helmet restricted)
rElec    .         Harm     .   (no cloak)
rCorr    .         Rampage  .   (gloves unavailable)
Will     .....                  (boots unavailable)
Stlth    +++.......             (no amulet)
HPRegen  0.03/turn              (no ring)
MPRegen  0.09/turn              (no ring)

@: very quick
A: very small, no large weapons, unfitting armour, see invisible, speed 3
a: no special abilities


You were on level 1 of the Dungeon.
You visited 1 branch of the dungeon, and saw 1 of its levels.

You collected 16 gold pieces.

Inventory:

Hand Weapons
 a - a +1 dagger (weapon)
Armour
 b - a +0 robe (worn)


   Skills:
 + Level 1.1 Short Blades
 + Level 2.7 Dodging
 * Level 4.5 Stealth
 + Level 2.6 Spellcasting
 + Level 3.7 Hexes


You had 4 spell levels left.
You knew the following spells:

 Your Spells              Type           Power      Damage    Failure   Level
a - Corona                Hex            15%        N/A       4%          1

Your spell library contained the following spells:

 Spells                   Type           Power      Damage    Failure   Level
 Confusing Touch          Hex            14%        N/A       13%         3
 Tukima's Dance           Hex            14%        N/A       13%         3
 Ensorcelled Hibernation  Hex/Ice        16%        N/A       14%         2
 Dazzling Flash           Conj/Hex       16%        N/A       26%         3


Dungeon Overview and Level Annotations

Branches:
Dungeon (1/15)

Altars:


Innate Abilities, Weirdness & Mutations

You are very small and have problems with some larger weapons.
You are too small for most types of armour.
You have supernaturally acute eyesight. (SInv)
You cover ground extremely quickly. (Speed+++)


Message History

The hobgoblin hits you.
Casting: Corona (safe; 4% risk of failure)
Confirm with . or Enter, or press ? or * to list all spells.
Aiming: Corona (safe; 4% risk of failure)
Press: ? - help, Shift-Dir - straight line, f/p - hobgoblin
Aim: a hobgoblin (heavily wounded, chance to affect: 68%)
The hobgoblin is outlined in light.
The hobgoblin hits you.
Ouch! That really hurt!
You are too injured to fight recklessly!
You are too injured to fight recklessly!
You completely miss the hobgoblin.
The hobgoblin is heavily wounded.
The hobgoblin completely misses you.
You barely miss the hobgoblin.
The hobgoblin is heavily wounded.
The quokka barely misses you. The hobgoblin misses you.
You hit the hobgoblin.
The hobgoblin is severely wounded.
The quokka bites you.
* * * LOW HITPOINT WARNING * * *
The hobgoblin misses you.
You start resting.
A quokka is nearby!
You start resting.
A quokka is nearby!
Casting: Corona (safe; 4% risk of failure)
Confirm with . or Enter, or press ? or * to list all spells.
Aiming: Corona (safe; 4% risk of failure)
Press: ? - help, Shift-Dir - straight line, f - quokka
Aim: a quokka (chance to affect: 68%)
The quokka barely resists.
Casting: Corona (safe; 4% risk of failure)
Confirm with . or Enter, or press ? or * to list all spells.
Aiming: Corona (safe; 4% risk of failure)
Press: ? - help, Shift-Dir - straight line, f/p - quokka
Aim: a quokka (chance to affect: 68%)
The quokka is outlined in light.
You closely miss the quokka. The quokka closely misses you.
You hit the quokka but do no damage. The quokka bites you.
You die...

......... ###.### ......#.# .
..###.....### g.....#.#
.#...#..8...8..#
.##...#.###.#..##.........## #
.........##....#...........# ..
##...........###...........###..#
#...........8.......<.......8..#
........g.#..###...........###..#
.#####.##.#J.#.#@..........# ##
#.##.#... ##r..†.....##
####...r#.# #.........#
#.....#...# ###..†..###
#.....#.##### #.....#
###.....#..r..#####.....##
#≈≈≈....#####....#8.....8#
P≈≈≈P...)........##.....##
P♣♣≈############.##....)##


You could see a quokka (corona).

Vanquished Creatures
  2 ball pythons (D:1)
  A kobold (D:1)
3 creatures vanquished.

Notes
Turn   | Place    | Note
-------+----------+-------------------------------------------
     0 | D:1      | Rickety the Spriggan Enchanter began the quest for the Orb.
     0 | D:1      | Reached XP level 1. HP: 9/9 MP: 5/5
   467 | D:1      | Slain by a quokka

Illustrated notes

Levels and vault maps discovered:
D:1:      psy_arrival_heroes, layout_rooms, hellmonk_ecumenical_altar_blasted,
          serial_bayou_pond_d, st_stairs_7, chequers_serial_rivers_small_a

Action                   || total
-------------------------++-------
Melee: Dagger            ||    18
 Cast: Corona            ||     8
Armor: Robe              ||     1
Dodge: Dodged            ||    16
